 Dungeon Crawl Stone Soup version 0.22-a0-422-g9628fc8 (webtiles) character file.

5035 Jynxie the Grappler (level 10, 0/96 HPs)
             Began as a Ghoul Monk on May 22, 2018.
             Was the Champion of Jiyva.
             Slain by an anaconda (3 damage)
             ... on level 10 of the Dungeon.
             The game lasted 00:37:11 (8636 turns).

Jynxie the Grappler (Ghoul Monk)                    Turns: 8636, Time: 00:37:12

Health: 0/96       AC: 12    Str: 21    XL:     10   Next: 55%
Magic:  9/9        EV:  3    Int:  9    God:    Jiyva [******]
Gold:   399        SH:  4    Dex: 10    Spells: 9/9 levels left

rFire    . . .     SeeInvis .     - Unarmed
rCold    + . .     Gourm    +   f - +0 buckler
rNeg     + + +     Faith    .   n - +0 plate armour
rPois    ∞         Spirit   .   m - +0 helmet
rElec    .         Reflect  .   a - +0 cloak
rCorr    +         Harm     .   (no gloves)
MR       .....                  (no boots)
Stlth    ..........             w - amulet of the gourmand
HPRegen  0.00/turn              s - +5 ring of dexterity
MPRegen  0.11/turn              i - ring of stealth

@: about to teleport, rotting, constricted
A: rotting body, claws 1, carnivore, cold resistance 1, negative energy
resistance 3, inhibited regeneration, torment resistance, unbreathing
a: Request Jelly, Slimify, Cure Bad Mutation, Renounce Religion


You were on level 10 of the Dungeon.
You worshipped Jiyva.
Jiyva was exalted by your worship.
You were not hungry.

You visited 1 branch of the dungeon, and saw 10 of its levels.
You also visited: Bailey.

You collected 399 gold pieces.

Inventory:

Hand Weapons
 b - a +0 flail
   (You took it off an orc priest on level 6 of the Dungeon)
 r - a +0 broad axe
   (You found it in a bailey)
 v - a +0 hand axe
   (You took it off a goblin in a bailey)
Armour
 a - a +0 cloak (worn)
   (You found it on level 8 of the Dungeon)
 f - a +0 buckler (worn)
   (You found it on level 1 of the Dungeon)
 m - a +0 helmet (worn)
   (You found it on level 3 of the Dungeon)
 n - a +0 plate armour (worn)
   (You took it off an orc warrior on level 7 of the Dungeon)
 q - a +0 pair of gloves
   (You found it on level 6 of the Dungeon)
Jewellery
 i - a ring of stealth (right claw)
   (You found it on level 6 of the Dungeon)
 s - a +5 ring of dexterity (left claw)
   (You found it on level 4 of the Dungeon)
 w - an amulet of the gourmand (around neck)
   (You found it on level 8 of the Dungeon)
Wands
 d - a wand of iceblast (6)
   (You found it on level 8 of the Dungeon)
 g - a wand of polymorph (5)
   (You found it on level 2 of the Dungeon)
Scrolls
 c - 2 scrolls of immolation {!r}
 h - 5 scrolls of remove curse {@r2}
 j - a scroll of teleportation {@r4}
 p - a scroll of magic mapping
 t - a scroll of blinking {unknown}
 u - a scroll of identify {@r1}
 z - a scroll of enchant armour {unknown}
Potions
 k - 2 potions of curing {@q1}
 A - a potion of brilliance
Comestibles
 e - 12 rations {!d}


   Skills:
 * Level 11.4 Fighting
 + Level 1.5 Armour
 - Level 2.6 Dodging
 - Level 2.1 Stealth
 - Level 4.0 Shields
 * Level 11.5 Unarmed Combat


You had 9 spell levels left.
You didn't know any spells.
Your spell library was empty.

Dungeon Overview and Level Annotations

Branches:
Dungeon (10/15)            Temple (0/1) D:4
   Lair: D:8-11         Orc: D:9-12

Altars:
Ashenzari
Cheibriados
Dithmenos
Elyvilon
Fedhas
Gozag
Kikubaaqudgha
Uskayaw
Wu Jian
The Shining One
Jiyva


Innate Abilities, Weirdness & Mutations

Your body is rotting away.
You thrive on raw meat.
You are immune to poison.
You have sharp fingernails.
You are carnivorous and can eat meat at any time.
Your flesh is cold resistant. (rC+)
You are immune to negative energy. (rN+++)
You do not regenerate when monsters are visible.
You are immune to unholy pain and torment.
You can survive without breathing.


Message History

You mangle the adder!!
You kill the adder!
You start resting.
An iguana comes into view.
The iguana hisses angrily.
You are too injured to fight recklessly!
You scratch the iguana. You block the iguana's attack.
You closely miss the iguana. The iguana bites you.
* * * LOW HITPOINT WARNING * * *
You scratch the iguana.
A two-headed ogre comes into view.
It is wielding a giant spiked club and a giant club.
The two-headed ogre shouts in stereo!
You scratch the iguana. The iguana barely misses you.
You claw the iguana!
You kill the iguana!
A howler monkey comes into view.
Aim: a two-headed ogre, wielding a giant spiked club and a giant club (chance to defeat MR: 28%)
The two-headed ogre evaporates and reforms as an anaconda!
The howler monkey howls!
A hell hound comes into view.
Drop what? 23/52 slots (_ for help) (? for menu, Esc to quit)
Okay, then.
The floor.
Aim: an anaconda The mass of ice explodes!
The iceblast engulfs the anaconda.
Aim: an anaconda (lightly wounded)
The mass of ice explodes!
The iceblast engulfs the anaconda.
The hell hound stops to sniff the ground.
Things that are here:
a club; a big kobold corpse
Aim: a hell hound
Okay, then.
As you read the scroll of teleportation {@r4}, it crumbles to dust.
You feel strangely unstable. The anaconda completely misses you.
The anaconda bites you but does no damage.
The hell hound pauses to sniff the ground.
The anaconda grabs you. You block the anaconda's attack.
* * * LOW HITPOINT WARNING * * *
The anaconda constricts you.
You miss the anaconda.
The anaconda bites you but does no damage.
* * * LOW HITPOINT WARNING * * *
The anaconda constricts you.
You scratch the anaconda.
The anaconda bites you but does no damage.
* * * LOW HITPOINT WARNING * * *
The anaconda constricts you. You block the hell hound's attack.
The anaconda bites you.
* * * LOW HITPOINT WARNING * * *
You die...

...###..
....... ...#.#
#...#####
#.......#
######.......#
.........(...#
........(#####
.......@.#
......)Sh#
......)))#
.......).# .
.......).# .
#####..... .
#...... #
#.....) .
#....... .


You could see an anaconda and a hell hound.

Vanquished Creatures
  Pikel (D:6)
  A cyclops (Bailey)
  A gargoyle (D:10)
  The ghost of galech the Skirmisher, an amateur OgBe of Trog (D:4)
  A wyvern (D:9)
  4 hogs (D:7)
  A human (D:7)
  A hungry ghost (D:9)
  A water moccasin (D:8)
  A sky beast (D:10)
  2 orc warriors
  An ogre (D:10)
  A phantom (D:9)
  A necrophage (D:6)
  2 centaurs
  2 big kobolds
  2 bullfrogs
  3 scorpions
  2 howler monkeys (D:7)
  A crimson imp (D:9)
  A bullfrog zombie (D:5)
  3 orc priests
  8 hounds
  5 orc wizards
  4 iguanas
  Natasha (D:4)
  3 worker ants
  3 hound skeletons
  2 howler monkey skeletons
  6 adders
  2 shadow imps (D:5)
  2 oozes (D:1)
  2 worms (D:2)
  A dart slug (D:2)
  4 leopard geckos
  24 orcs
  6 giant cockroaches
  11 hobgoblins
  A jackal (D:6)
  32 kobolds
  2 quokkas
  6 ball pythons
  8 bats
  4 frilled lizards
  17 goblins
  A leopard gecko skeleton (D:7)
  2 quokka zombies (D:5)
  11 rats
202 creatures vanquished.

Vanquished Creatures (collateral kills)
  An alligator snapping turtle (Bailey)
1 creature vanquished.

Vanquished Creatures (others)
  A slime creature (D:10)
  Maurice (D:8)
  Grinder (D:4)
  2 orc warriors (Bailey)
  A black bear (D:6)
  2 sky beasts
  A centaur (D:5)
  A crocodile (D:8)
  A bullfrog (D:6)
  A scorpion (D:7)
  2 bullfrog skeletons
  A hound (D:8)
  29 jellies
  3 orc wizards (D:6)
  Natasha (twice) (D:4)
  2 iguanas
  2 worker ants
  A hound zombie (D:7)
  A howler monkey zombie (D:9)
  4 gnolls
  4 adders
  A shadow imp (D:8)
  A leopard gecko (D:7)
  17 orcs
  A giant cockroach (D:5)
  7 goblins (D:6)
  4 hobgoblins
  8 jackals
  3 quokkas
  A frilled lizard (D:4)
  7 kobolds
  A leopard gecko skeleton (D:9)
  A quokka zombie (D:8)
  A plant (D:6)
116 creatures vanquished.

Grand Total: 319 creatures vanquished

Notes
Turn   | Place    | Note
-------+----------+-------------------------------------------
     0 | D:1      | Jynxie the Ghoul Monk began the quest for the Orb.
     0 | D:1      | Reached XP level 1. HP: 19/19 MP: 0/0
    72 | D:1      | Reached XP level 2. HP: 18/27 MP: 1/1
   441 | D:1      | Reached XP level 3. HP: 25/33 MP: 2/2
   770 | D:2      | Reached XP level 4. HP: 24/40 MP: 3/3
  1101 | D:2      | Reached skill level 1 in Shields
  1155 | D:2      | Found a blossoming altar of Fedhas.
  1815 | D:3      | Reached XP level 5. HP: 35/46 MP: 4/4
  2166 | D:3      | Found a faded altar of an unknown god.
  2208 | D:3      | Became a worshipper of Jiyva Joteh the Shapeless
  2208 | D:3      | Reached * piety under Jiyva
  2208 | D:3      | Reached ** piety under Jiyva
  2396 | D:3      | Reached *** piety under Jiyva
  2723 | D:4      | Reached **** piety under Jiyva
  2738 | D:4      | Noticed Grinder
  2738 | D:4      | Paralysed by Grinder for 2 turns
  2743 | D:4      | Killed Grinder
  2743 | D:4      | Reached skill level 5 in Fighting
  2743 | D:4      | Reached skill level 5 in Unarmed Combat
  2822 | D:4      | Noticed Natasha
  2836 | D:4      | Killed Natasha
  2836 | D:4      | Reached XP level 6. HP: 45/55 MP: 5/5
  2850 | D:4      | Found a staircase to the Ecumenical Temple.
  2984 | D:4      | Noticed Natasha
  3013 | D:4      | Noticed galech's ghost (amateur OgBe)
  3023 | D:4      | Killed galech's ghost
  3023 | D:4      | Reached XP level 7. HP: 33/63 MP: 6/6
  3025 | D:4      | Noticed Blork the orc
  3027 | D:4      | Killed Natasha
  3028 | D:4      | Noticed Blork
  3028 | D:4      | Blork the orc changed into Blork the hound
  3036 | D:4      | Killed Blork the hound
  3168 | D:4      | Killed Natasha
  3634 | D:5      | Entered Level 5 of the Dungeon
  3724 | D:5      | Reached ***** piety under Jiyva
  3943 | D:5      | Found a shadowy altar of Dithmenos.
  4471 | D:6      | Reached ****** piety under Jiyva
  4601 | D:6      | Reached XP level 8. HP: 65/71 MP: 7/7
  4692 | D:6      | Noticed Pikel
  4703 | D:6      | Killed Pikel
  5050 | D:7      | Reached XP level 9. HP: 70/82 MP: 8/8
  5534 | D:7      | Noticed a two-headed ogre
  5537 | D:7      | Noticed an eye of devastation
  5537 | D:7      | a two-headed ogre changed into an eye of devastation
  6008 | D:8      | Found a white marble altar of Elyvilon.
  6131 | D:8      | Reached skill level 10 in Unarmed Combat
  6188 | D:8      | Found a flagged portal.
  6223 | Bailey   | Entered a bailey
  6228 | Bailey   | Noticed an orc warlord
  6311 | Bailey   | Noticed an orc knight
  6347 | Bailey   | Noticed a cyclops
  6347 | Bailey   | an orc knight changed into a cyclops
  6359 | Bailey   | Killed a cyclops
  6359 | Bailey   | Reached skill level 10 in Fighting
  6587 | Bailey   | Found a runed gate.
  6589 | Bailey   | Found a runed gate.
  6591 | Bailey   | Found a runed gate.
  6908 | Bailey   | Noticed an alligator snapping turtle
  6908 | Bailey   | an orc warlord changed into an alligator snapping turtle
  6920 | Bailey   | Killed an alligator snapping turtle
  6920 | Bailey   | Reached XP level 10. HP: 32/94 MP: 9/9
  7170 | D:8      | Noticed Maurice
  7197 | D:8      | Killed Maurice
  7224 | D:8      | Found an ancient bone altar of Kikubaaqudgha.
  7293 | D:8      | Found an ornate altar of the Wu Jian Council.
  7328 | D:8      | Found an opulent altar of Gozag.
  7406 | D:8      | Found a glowing golden altar of the Shining One.
  7408 | D:8      | Found a snail-covered altar of Cheibriados.
  7410 | D:8      | Found a hide-covered altar of Uskayaw.
  7411 | D:8      | Found a shattered altar of Ashenzari.
  8508 | D:10     | Entered Level 10 of the Dungeon
  8561 | D:10     | Noticed a white ugly thing
  8565 | D:10     | Reached skill level 1 in Armour
  8591 | D:10     | Noticed a gargoyle
  8600 | D:10     | Killed a gargoyle
  8627 | D:10     | Noticed a two-headed ogre
  8630 | D:10     | Noticed an anaconda
  8630 | D:10     | a two-headed ogre changed into an anaconda
  8636 | D:10     | HP: 3/96 [anaconda (5)]
  8636 | D:10     | Slain by an anaconda

Vault maps used:
D:1:      dpeg_arrival_orchard
D:2:      cheibrodos_helix_gallery, old_standard_altar, grunt_ministairs_15,
          st_stairs_4
D:3:      chequers_ecumenical_altar_twisty
D:4:      minmay_temple_entry_crystal_x, minmay_misc_feat_x, dk_noncrumbling_3,
          minmay_surrounded, uniq_blork_the_orc, uniq_grinder, uniq_natasha
D:5:      nicolae_dithmenos_the_darkroom, first_ration, kennysheep_cross_room
D:6:      corexii_shantytown, uniq_pikel
D:7:      grunt_livestock
D:8:      elyvilon_altar_5, kennysheep_little_box, grunt_temple_overflow_open,
          enter_bailey_3, basic_altar, uniq_maurice
D:9:      st_stairs_5, kennysheep_generic_room_3
D:10:     minmay_the_grid_square_5x5_3x3, minmay_lair_entry_lava
Bailey:   bailey_axe_bossmonster_kennysheep, bailey

Skill      XL: |  1  2  3  4  5  6  7  8  9 10 |
---------------+-------------------------------+-----
Fighting       | 4 5 6 8 10 11 | 11.4
Unarmed Combat | 4 5 6 7 8 10 11 | 11.5
Shields        | 1 2 3 4 |  4.0
Armour         | 1 |  1.5
Dodging        | |  2.6
Stealth        | |  2.1

Action                   |  1- 3 |  4- 6 |  7- 9 | 10-12 || total
-------------------------+-------+-------+-------+-------++-------
Melee: Unarmed           |   103 |   171 |   366 |   146 ||   786
       Punch             |     1 |       |       |       ||     1
Throw: Tomahawk          |       |       |    10 |       ||    10
Evoke: Wand              |       |     3 |     7 |    10 ||    20
  Use: Scroll            |     4 |       |     6 |     2 ||    12
       Potion            |     2 |       |     5 |     4 ||    11
 Stab: Sleeping          |     4 |     1 |       |       ||     5
  Eat: Chunk             |     4 |     6 |     7 |     1 ||    18
       Ration            |       |       |     1 |     1 ||     2
Armor: Robe              |     3 |       |       |       ||     3
       Leather armour    |    15 |    49 |       |       ||    64
       Chain mail        |       |       |    83 |       ||    83
       Plate armour      |       |       |    75 |    73 ||   148
Dodge: Dodged            |    47 |   110 |   126 |    34 ||   317
Block: Buckler           |    10 |    29 |    82 |    24 ||   145

Table legend:
 A = Spawn XP
 B = Non-spawn XP
 C = Spawn XP percentage of total XP
 D = Spawn monster count
 E = Non-spawn monster count
 F = Spawn count percentage of total count
 G = Total turns spent on level
                    A         B        C        D         E        F      G
               +---------+---------+-------+---------+---------+-------+---------
         Total |       0 |    7194 |   0.0 |       0 |     208 |   0.0 |  8636
               +---------+---------+-------+---------+---------+-------+---------
           D:1 |       0 |      45 |   0.0 |       0 |      22 |   0.0 |   666
           D:2 |       0 |     106 |   0.0 |       0 |      30 |   0.0 |  1073
           D:3 |       0 |      52 |   0.0 |       0 |      25 |   0.0 |   896
           D:4 |       0 |     558 |   0.0 |       0 |       6 |   0.0 |   999
           D:5 |       0 |     143 |   0.0 |       0 |      11 |   0.0 |   647
           D:6 |       0 |    1247 |   0.0 |       0 |      27 |   0.0 |   690
           D:7 |       0 |    1426 |   0.0 |       0 |      14 |   0.0 |  1020
           D:8 |       0 |     817 |   0.0 |       0 |      16 |   0.0 |   966
           D:9 |       0 |     835 |   0.0 |       0 |      23 |   0.0 |   750
          D:10 |       0 |     927 |   0.0 |       0 |      15 |   0.0 |   128
        Bailey |       0 |    1038 |   0.0 |       0 |      19 |   0.0 |   801
               +---------+---------+-------+---------+---------+-------+---------
